Map: 特里同 - 天梯版

Players

巴西烤肉 - Winner!

  • Race: Terran Terran

电脑难度(专家)

  • Race: Zerg Zerg

VOD

Have the link to the VOD?

Description

Time

  • Played on: Feb. 4, 2020, 6:30 a.m.
  • Length: 9:55
Show
View Real Time Build Order
Export as new Build Order

巴西烤肉 Terran - Winner!

Build Orders: Reaper Expand 

Get SALT Encoding   

  12  0:00  SCV  
  13  0:13  SCV  
  14  0:17  Supply Depot  
  14  0:25  SCV  
  15  0:39  SCV  
  15  0:40  Barracks  
  16  0:44  Refinery  
  16  0:51  SCV  
  17  1:03  SCV  
  18  1:15  SCV  
  19  1:27  Reaper  
  19  1:28  Orbital Command  
  20  1:40  Command Center  
  20  1:50  Supply Depot  
  20  1:53  SCV  
  21  1:59  Marine  
  22  2:05  Factory  
  22  2:09  SCV  
  23  2:21  SCV, Barracks Reactor  
  24  2:38  Command Center  
  24  2:51  Orbital Command  
  24  2:57  SCV  
  25  3:03  Hellion x2  
  25  3:04  Barracks Tech Lab  
  29  3:09  SCV  
  30  3:13  Barracks  
  30  3:18  SCV  
  31  3:21  SCV  
  31  3:23  Stimpack  
  32  3:31  Hellion x2  
  32  3:33  SCV  
  37  3:36  SCV  
  38  3:45  SCV, Refinery  
  39  3:48  SCV  
  39  3:49  Marine  
  39  3:50  Orbital Command  
  41  3:57  SCV  
  41  4:00  SCV  
  43  4:04  Factory Reactor, Starport  
  43  4:05  Refinery  
  43  4:09  SCV, Marine x3  
  47  4:12  SCV  
  47  4:16  SCV  
  49  4:21  SCV  
  50  4:26  SCV  
  50  4:28  Marine x3  
  54  4:35  Supply Depot  
  54  4:37  Engineering Bay  
  54  4:39  Engineering Bay  
  54  4:40  SCV  
  54  4:41  SCV  
  56  4:46  SCV, Marine x2  
  56  4:49  Medivac  
  56  4:52  Supply Depot, Factory Tech Lab  
  61  4:56  Medivac  
  61  4:57  SCV  
  61  4:58  SCV, Supply Depot  
  65  5:00  Orbital Command  
  65  5:05  Terran Infantry Weapons Level 1  
  65  5:07  Marine, Refinery  
  65  5:08  Marine x2  
  65  5:09  SCV  
  65  5:10  Terran Infantry Armor Level 1  
  65  5:13  SCV  
  70  5:17  Supply Depot  
  70  5:22  SCV  
  70  5:24  Supply Depot  
  70  5:25  SCV, Marine x2  
  70  5:27  SCV  
  70  5:28  Marine  
  76  5:31  Combat Shield  
  76  5:34  SCV  
  77  5:36  Barracks  
  77  5:41  SCV  
  77  5:42  Barracks  
  78  5:44  SCV  
  78  5:47  Barracks  
  78  5:49  SCV, Marine x3  
  83  5:51  Siege Tank  
  83  5:52  Starport Reactor  
  83  5:54  SCV  
  83  5:57  SCV  
  88  6:00  Supply Depot  
  88  6:01  SCV  
  87  6:05  Supply Depot  
  87  6:07  SCV  
  87  6:10  Marine x2  
  87  6:11  SCV, Marine  
  88  6:13  SCV  
  88  6:15  Supply Depot  
  90  6:20  SCV  
  90  6:23  Armory  
  90  6:24  Marine x2  
  93  6:26  Siege Tank  
  93  6:28  Marine x2  
  93  6:30  SCV x2  
  93  6:32  Marine  
  101  6:34  Supply Depot  
  101  6:35  Barracks Reactor  
  101  6:36  Medivac x2  
  101  6:39  SCV  
  107  6:41  Marine  
  107  6:46  Marine x3  
  100  6:48  Barracks Reactor  
  100  6:50  Marine  
  100  6:51  SCV x3  
  103  6:54  Refinery  
  103  6:56  Supply Depot, Refinery  
  103  6:58  Siege Tank  
  103  6:59  Marine  
  107  7:03  SCV  
  107  7:04  Marine x3  
  111  7:10  Marine  
  116  7:17  Barracks, Marine  
  116  7:18  Terran Infantry Armor Level 2, Terran Infantry Weapons Level 2  
  116  7:19  Marine x2  
  116  7:20  Barracks  
  116  7:21  Barracks, Supply Depot  
  116  7:22  SCV, Marine  
  117  7:23  SCV  
  117  7:29  Marine x2  
  120  7:30  Marauder, Marine x2  
  120  7:32  Siege Tank  
  127  7:37  Marine  
  127  7:38  Marine x2  
  127  7:39  Medivac  
  127  7:41  Medivac  
  134  7:48  Marine  
  134  7:49  Marine x4  
  139  7:51  Marauder  
  139  7:54  Supply Depot  
  141  8:03  Command Center  
  141  8:04  Marine x2  
  143  8:09  Marine x2  
  143  8:10  Marine x2  
  136  8:13  Marauder  
  136  8:19  Barracks Tech Lab x2, Barracks Reactor  
  135  8:21  Marine x2  
  135  8:22  Siege Tank  
  135  8:23  Marine x2  
  135  8:24  Medivac  
  143  8:27  Marine  
  143  8:30  Marine x3  
  148  8:34  Marauder  
  148  8:38  Supply Depot  
  148  8:39  Sensor Tower, Marine  
  148  8:40  Marine  
  148  8:41  Marauder, Marine x3  
  153  8:42  Medivac  
  153  8:43  Supply Depot  
  157  8:55  Marine x2  
  157  9:00  Marine  
  157  9:02  Marine x2  
  158  9:03  Marauder x3, Marine x2  
  158  9:04  Marine x3  
  158  9:06  Siege Tank, Medivac  
  176  9:14  Marine x2  
  176  9:16  Medivac  
  175  9:17  Marine  
  176  9:24  Marauder  
  176  9:26  Marauder, Marine x5  
  176  9:27  Marine, Marauder  
  188  9:34  Sensor Tower  
  188  9:35  Marine x2  
  190  9:40  Fusion Core, Starport  
  190  9:42  Starport  
  190  9:50  Command Center  
Show
View Real Time Build Order
Export as new Build Order

电脑难度(专家) Zerg 

Build Orders: Hatch First 

Get SALT Encoding   

  12  0:00  Drone  
  13  0:12  Overlord  
  13  0:16  Drone  
  14  0:31  Drone x2  
  14  0:34  Drone  
  17  0:53  Hatchery  
  17  0:56  Drone  
  17  1:11  Spawning Pool  
  17  1:13  Drone  
  17  1:16  Extractor  
  16  1:19  Drone  
  16  1:22  Drone  
  18  1:28  Drone  
  19  1:38  Overlord  
  19  1:49  Drone  
  20  2:00  Zergling x2  
  20  2:01  Queen  
  23  2:05  Drone  
  24  2:11  Queen  
  26  2:17  Drone  
  27  2:29  Roach Warren  
  26  2:31  Zergling x2  
  26  2:34  Drone  
  27  2:38  Extractor  
  27  2:39  Drone  
  27  2:47  Overlord  
  27  2:50  Drone  
  28  2:53  Drone  
  28  2:57  Drone  
  30  3:00  Drone  
  30  3:03  Drone  
  32  3:07  Zergling x2  
  32  3:10  Zergling x2  
  34  3:15  Roach  
  38  3:20  Roach  
  38  3:23  Roach  
  42  3:27  Roach  
  42  3:29  Drone  
  42  3:32  Drone  
  44  3:36  Overlord  
  43  3:46  Lair  
  43  3:54  Drone x3, Zergling x2  
  47  3:57  Drone  
  47  3:59  Drone  
  47  4:02  Drone  
  50  4:04  Drone  
  51  4:11  Overlord  
  51  4:20  Drone  
  52  4:29  Drone x5, Zergling x6  
  59  4:36  Overlord  
  59  4:40  Overlord  
  59  4:46  Drone, Hydralisk Den  
  59  4:48  Drone, Infestation Pit  
  59  4:54  Zergling x2  
  59  4:55  Roach x3  
  59  4:58  Roach  
  68  5:00  Overlord  
  68  5:15  Hydralisk  
  68  5:16  Hydralisk x2  
  68  5:18  Hydralisk  
  68  5:20  Drone  
  77  5:22  Drone  
  77  5:25  Hive, Overlord  
  78  5:35  Infestor  
  78  5:40  Overlord  
  80  5:44  Overlord  
  80  5:48  Drone, Evolution Chamber  
  80  5:52  Drone, Evolution Chamber  
  80  5:54  Overlord  
  80  5:57  Overlord  
  80  6:04  Infestor, Zergling x2  
  81  6:05  Zergling x2  
  81  6:06  Zergling x2  
  81  6:07  Zergling x2  
  81  6:10  Zergling x2  
  83  6:11  Zergling x2  
  83  6:18  Zergling x6  
  87  6:19  Zergling x2  
  88  6:28  Overlord x2  
  88  6:29  Drone, Roach  
  88  6:30  Extractor  
  88  6:31  Drone, Baneling Nest  
  90  6:33  Extractor  
  90  6:39  Drone  
  88  6:41  Drone  
  88  6:44  Hatchery  
  88  6:45  Metabolic Boost  
  84  6:50  Drone, Roach  
  84  6:52  Drone x3  
  90  7:01  Zerg Melee Weapons Level 1  
  90  7:02  Drone  
  90  7:03  Drone  
  90  7:07  Evolution Chamber  
  91  7:11  Overseer  
  91  7:12  Drone  
  91  7:14  Drone  
  91  7:15  Baneling x4  
  93  7:16  Baneling  
  93  7:17  Baneling  
  93  7:27  Zerg Missile Weapons Level 1  
  93  7:39  Spine Crawler  
  93  7:40  Queen, Zerg Ground Armor Level 1  
  93  7:42  Spine Crawler  
  93  7:47  Ravager  
  93  7:49  Roach  
  96  7:52  Baneling  
  96  7:55  Baneling  
  96  7:56  Drone  
  96  7:57  Drone x4, Zergling x4  
  96  7:58  Drone x2  
  105  8:00  Drone x2  
  105  8:10  Hydralisk  
  105  8:11  Drone  
  82  8:16  Baneling x3  
  82  8:17  Baneling  
  77  8:22  Roach, Zergling x2  
  77  8:24  Hydralisk  
  77  8:25  Roach, Zergling x2  
  80  8:32  Drone  
  78  8:34  Zergling x2  
  78  8:37  Hatchery  
  78  8:42  Baneling  
  78  8:43  Roach  
  78  8:44  Overseer, Roach  
  78  8:46  Zergling x2  
  78  8:47  Zergling x4  
  85  8:48  Spore Crawler  
  85  8:54  Hydralisk  
  85  8:55  Zergling x2  
  81  8:57  Drone, Roach  
  73  9:04  Baneling  
  73  9:05  Baneling, Zergling x2  
  73  9:08  Baneling  
  73  9:16  Roach  
  67  9:19  Zergling x2, Roach  
  67  9:20  Drone  
  57  9:28  Zergling x2  
  31  9:51  Roach Warren  
Tags
 
Add a new tag
Caveats
  • Supply blocks, unpowered buildings, or Contaminate may cause inaccurate times.
  • Supply counts are checked every 10 seconds.